 Dungeon Crawl Stone Soup version 0.24.0-13-gcf9b319 (webtiles) character file.

Game seed: 4553786043453504013, levelgen mode: deterministic

133 sauken the Skirmisher (level 5, 0/47 HPs)
             Began as a Hill Orc Necromancer on Nov 11, 2019.
             Slain by an orc
             ... wielding a +2 hand axe of electrocution
              (1 damage)
             ... on level 3 of the Dungeon.
             The game lasted 00:03:54 (3747 turns).

sauken the Skirmisher (Hill Orc Necromancer)        Turns: 3747, Time: 00:03:54

Health: 0/47       AC:  8    Str: 12    XL:     5   Next: 16%
Magic:  7/7        EV:  5    Int: 15    God:
Gold:   138        SH:  0    Dex: 11    Spells: 6/7 levels left

rFire    . . .     SeeInvis .   l - +0 hand axe
rCold    . . .     Gourm    .   (no shield)
rNeg     . . .     Faith    .   g - +0 chain mail
rPois    .         Spirit   .   (no helmet)
rElec    .         Reflect  .   (no cloak)
rCorr    .         Harm     .   (no gloves)
MR       .....                  (no boots)
Stlth    ..........             (no amulet)
HPRegen  0.15/turn              (no ring)
MPRegen  0.10/turn              (no ring)

@: no status effects
A: no striking features
a: no special abilities


You were on level 3 of the Dungeon.
You were very hungry.

You visited 1 branch of the dungeon, and saw 3 of its levels.

You collected 138 gold pieces.

Inventory:

Hand Weapons
 b - a +0 short sword
   (You took it off a kobold on level 1 of the Dungeon)
 l - a +0 hand axe (weapon)
   (You found it on level 1 of the Dungeon)
Missiles
 k - 62 stones (quivered)
Armour
 a - a +0 robe
 f - a +0 ring mail
   (You found it on level 1 of the Dungeon)
 g - a +0 chain mail (worn)
   (You found it on level 1 of the Dungeon)
Wands
 n - a wand of random effects (12)
   (You found it on level 3 of the Dungeon)
Scrolls
 d - 4 scrolls of identify {unknown}
 h - a scroll of fear {unknown}
Potions
 e - a potion of flight {unknown}
 i - a potion of magic {unknown}
 j - a potion of brilliance {unknown}
 m - a potion of degeneration {unknown}
Comestibles
 c - 2 rations


   Skills:
 - Level 4.7 Fighting
 + Level 2.9 Axes
 - Level 1.5 Dodging
 - Level 1.5 Stealth
 - Level 1.5 Spellcasting
 - Level 4.0 Necromancy


You had 6 spell levels left.
You knew the following spells:

 Your Spells              Type           Power        Failure   Level  Hunger
a - Pain                  Necr           ##..         92%         1    ##.....

Your spell library contained the following spells:

 Spells                   Type           Power        Failure   Level  Hunger
 Animate Skeleton         Necr           N/A          92%         1    ##.....
 Regeneration             Chrm/Necr      #.........   100%        3    ####...
 Vampiric Draining        Necr           ##........   100%        3    ####...
 Animate Dead             Necr           N/A          100%        4    #####..


Dungeon Overview and Level Annotations

Branches:
Dungeon (3/15)

Altars:


Message History

You kill the ball python!
k - 35 stones (gained 1)
k - 36 stones (gained 1)
You see here a ball python corpse.
k - 64 stones (gained 28)
k - 65 stones (gained 1)
k - 66 stones (gained 1)
A bat and an orc come into view.
The orc is wielding a +2 hand axe of electrocution.
Found a stone staircase leading down.
Health restored: 47 Throwing (i - inventory)
k - 66 stones (quivered)
Aim: a bat You throw a stone.
The stone hits the bat.
Unknown command.
There are monsters nearby!
You slash the bat!
You kill the bat!
Unknown command.
An orc is nearby!
Throwing (i - inventory)
k - 65 stones (quivered)
Aim: an orc, wielding a +2 hand axe of electrocution You throw a stone.
The stone hits the orc.
Unknown command.
An orc is nearby!
Throwing (i - inventory)
k - 64 stones (quivered)
Aim: an orc, wielding a +2 hand axe of electrocution (lightly wounded)
You throw a stone. The stone barely misses the orc.
Unknown command.
An orc is nearby!
Throwing (i - inventory)
k - 63 stones (quivered)
Aim: an orc, wielding a +2 hand axe of electrocution (lightly wounded)
You throw a stone. The stone barely misses the orc.
An orc is nearby!
You hit the orc but do no damage.
The orc hits you with a +2 hand axe of electrocution.
You take 4 damage, and have 43/47 hp.
Unknown command.
An orc is nearby!
You closely miss the orc.
The orc hits you with a +2 hand axe of electrocution.
You take 2 damage, and have 41/47 hp.
Unknown command.
Your chain mail prevents you from hitting the orc.
The orc hits you but does no damage.
Unknown command.
Your chain mail prevents you from hitting the orc.
The orc hits you but does no damage.
Unknown command.
Here: an orc, wielding a +2 hand axe of electrocution (lightly wounded)
The floor.
Aim: an orc, wielding a +2 hand axe of electrocution (lightly wounded)
The orc struggles to resist.
The orc hits you but does no damage.
Aim: an orc, wielding a +2 hand axe of electrocution (lightly wounded)
The orc seems to speed up.
The orc hits you with a +2 hand axe of electrocution. x2
You take 4 damage, and have 37/47 hp.
Unknown command.
Aim: an orc, wielding a +2 hand axe of electrocution (lightly wounded, fast)
The puff of flame misses the orc.
A giant cockroach comes into view.
The orc hits you but does no damage.
Aim: an orc, wielding a +2 hand axe of electrocution (lightly wounded, fast)
The orc resists with significant effort.
The orc hits you but does no damage.
Aim: an orc, wielding a +2 hand axe of electrocution (lightly wounded, fast)
The orc resists with significant effort.
You are feeling very hungry.
The orc hits you but does no damage. x2
Aim: an orc, wielding a +2 hand axe of electrocution (lightly wounded, fast)
The orc flickers and vanishes!
Deactivating autopickup; reactivate with Ctrl-A.
Something hits you but does no damage.
Okay, then.
Something hits you but does no damage. Something hits you.
You take 1 damage, and have 38/47 hp.
Something hits you.
You take 2 damage, and have 36/47 hp.
Something hits you but does no damage.
Aim: a giant cockroach (clinging) Nothing appears to happen.
Something hits you but does no damage.
You are electrocuted!
You take 14 damage, and have 22/47 hp.
MASSIVE DAMAGE!!
Unknown command.
Aim: a giant cockroach Something hits you.
The giant cockroach bites you but does no damage.
You take 3 damage, and have 19/47 hp.
Unknown command.
Something hits you.
You are electrocuted!
* * * LOW HITPOINT WARNING * * *
You take 18 damage, and have 1/47 hp.
MASSIVE DAMAGE!!
Unknown command.
Aim: a giant cockroach (clinging) Nothing appears to happen.
Something hits you.
You die...

############ #####
.####..........#######.....
...............[..........
..........................
.......................# ###
#.........#####s.......####...
.......[..##..{........#......
>..(..†..s##.@......†..#......
..........#...................
..##......#....###...........#
............................
..##.......(.....#...........#
. #%..###.......#...........#
#... ##......#......##....
#... #......#......##.†..
......# .... #......##....


You could see a giant cockroach.

Vanquished Creatures
  Ijyb (D:3)
  3 adders
  An ooze (D:3)
  3 worms (D:2)
  3 dart slugs
  3 leopard geckos
  3 orcs (D:3)
  4 giant cockroaches
  5 hobgoblins
  2 quokkas (D:2)
  2 ball pythons (D:3)
  8 bats
  3 frilled lizards
  5 goblins
  5 kobolds
  7 rats
58 creatures vanquished.

Notes
Turn   | Place    | Note
-------+----------+-------------------------------------------
     0 | D:1      | sauken the Hill Orc Necromancer began the quest for the
                  | Orb.
     0 | D:1      | Reached XP level 1. HP: 14/14 MP: 3/3
   238 | D:1      | Reached skill level 1 in Fighting
   385 | D:1      | Reached XP level 2. HP: 22/24 MP: 4/4
   468 | D:1      | Reached skill level 2 in Fighting
  1208 | D:2      | Reached skill level 3 in Fighting
  1232 | D:2      | Reached XP level 3. HP: 23/31 MP: 5/5
  1391 | D:2      | HP: 7/31 [worm (4)]
  1771 | D:2      | HP: 2/33 [worm (8)]
  2006 | D:2      | Reached skill level 4 in Fighting
  2102 | D:1      | HP: 8/33 [poisoned by an adder]
  2104 | D:1      | Reached XP level 4. HP: 7/40 MP: 6/6
  2386 | D:2      | HP: 10/41 [poisoned by an adder]
  2392 | D:2      | HP: 8/41 [poisoned by an adder]
  2397 | D:1      | HP: 6/41 [poisoned by an adder]
  2405 | D:1      | HP: 5/41 [poisoned by an adder]
  3464 | D:3      | Reached skill level 1 in Axes
  3511 | D:3      | Noticed Ijyb
  3544 | D:3      | Paralysed by Ijyb for 3 turns
  3559 | D:3      | Paralysed by Ijyb for 4 turns
  3583 | D:3      | Killed Ijyb
  3583 | D:3      | Reached skill level 2 in Axes
  3583 | D:3      | Reached XP level 5. HP: 40/47 MP: 7/7
  3745 | D:3      | HP: 1/47 [something (16)]
  3747 | D:3      | Slain by an orc

Levels and vault maps discovered:
D:1:      dpeg_arrival_rooms_a, layout_basic
D:2:      layout_rooms
D:3:      layout_basic, first_ration, uniq_sigmund, uniq_ijyb, uniq_robin

Skill      XL: |  1  2  3  4 |
---------------+-------------+-----
Fighting       | 1 3 4 |  4.7
Axes           | 2 |  2.9
Dodging        | |  1.5
Stealth        | |  1.5
Spellcasting   | |  1.5
Necromancy     | |  4.0

Action                   |  1- 3 |  4- 6 || total
-------------------------+-------+-------++-------
Melee: Short sword       |   179 |    65 ||   244
       Unarmed           |     1 |       ||     1
       Hand axe          |       |    76 ||    76
Throw: Stone             |       |    63 ||    63
Evoke: Wand              |       |     9 ||     9
  Eat: Chunk             |     3 |     2 ||     5
       Ration            |       |     1 ||     1
Armor: Robe              |     4 |       ||     4
       Ring mail         |     1 |       ||     1
       Chain mail        |   141 |   125 ||   266
Dodge: Dodged            |    65 |    54 ||   119

Levels and vault maps discovered:
D:1:      dpeg_arrival_rooms_a, layout_basic
D:2:      layout_rooms
D:3:      layout_basic, first_ration, uniq_sigmund, uniq_ijyb, uniq_robin

Table legend:
 A = Turns spent in this place as a percentage of turns spent in the entire game.
 B = Non-inter-level travel turns spent in this place as a percentage of non-inter-level travel turns spent in the entire game.
 C = Inter-level travel turns spent in this place as a percentage of turns spent in this place.
 D = Turns resting spent in this place as a percentage of non-inter-level travel turns spent in this place.
 E = Turns spent auto-exploring this place as a percentage of non-inter-level travel turns spent in this place.
 F = Non-inter-level travel turns spent in this place divided by the number of levels of this place that you've seen.
                   A       B       C       D       E      F
               +-------+-------+-------+-------+-------+----------------------
         Total | 100.0 | 100.0 |   4.3 |  40.6 |  39.1 | 1195.0
       Dungeon | 100.0 | 100.0 |   4.3 |  40.6 |  39.1 | 1195.0
               +-------+-------+-------+-------+-------+----------------------

Table legend:
 A = Kills in this place as a percentage of kills in entire the game.
 B = Kills by you in this place as a percentage of kills by you in the entire game.
 C = Kills by friends in this place as a percentage of kills by friends in the entire game.
 D = Other kills in this place as a percentage of other kills in the entire game.
 E = Experience gained in this place as a percentage of experience gained in the entire game.
 F = Experience gained in this place divided by the number of levels of this place that you have seen.
                   A       B       C       D       E      F
               +-------+-------+-------+-------+-------+----------------------
         Total | 100.0 | 100.0 |   N/A |   N/A | 100.0 |  63.3
       Dungeon | 100.0 | 100.0 |   N/A |   N/A | 100.0 |  63.3
               +-------+-------+-------+-------+-------+----------------------
